cohdb
Replays
Latest Replays
All Replays
Popular Replays
Top Player Replays
Match Explorer
How It Works
Community
CoH3 Stats
Reddit
Sign in to upload your games and track your stats! →
Sign in with Steam
Match 44221276
Unlisted
Match 44221276
Overview
Messages
Build Orders
End
Construct Infanterie Kompanie
Construct Infanterie Kompanie
Pioneer Squad
Selects Mechanized Battlegroup
Grenadier Squad
MG 42 Machine Gun Team
Grenadier Squad
Construct Luftwaffe Kompanie
221 Scout Car
Medical Bunker
Flak 30 Anti-aircraft Gun Team
Flak 30 Anti-aircraft Gun Team
Selects Raid Package
Selects StuG Assault Group
StuG Assault Group
Jäger Squad
Jäger Squad
Luftwaffe Officer Quarters
Grenadier Squad
Jäger Squad
Pioneer Squad
Selects Panther Heavy Tank
Panther Heavy Tank
마비노기 모바일은 테슬라가 만든 콩국수다.
MähnGiL
Barbarossa
夜风月随
Sherman-C
The Wolf, Duc Volpe
XIAOXU
화나?너못하자나
0
0
Comments
sign in to comment!
No comments posted yet!